 Dungeon Crawl Stone Soup version 0.31-a0-437-g7cee417757 (webtiles) character file.

Game seed: 7491197305013848301

635 AdnanSaban the Covered (level 7, -3/43 HPs)
             Began as a Gargoyle Fighter on Aug 2, 2023.
             Slain by a gnoll
             ... wielding a +0 halberd
             ... led by a gnoll bouda
              (10 damage)
             ... on level 5 of the Dungeon.
             The game lasted 00:04:37 (3851 turns).

AdnanSaban the Covered (Gargoyle Fighter)           Turns: 3851, Time: 00:04:37

Health: -3/43      AC: 12    Str: 21    XL:     7   Next: 50%
Magic:  7/7        EV:  9    Int:  9    God:
Gold:   170        SH:  4    Dex:  9    Spells: 6/6 levels left

rFire   . . .        a - +0 flail
rCold   . . .        c - +0 buckler
rNeg    + . .        b - +0 scale mail
rPois   ∞            (no helmet)
rElec   +            (no cloak)
rCorr   .            (no gloves)
SInv    .            (no boots)
Will    .....        (no amulet) Stlth
                     (no ring)
HPRegen 0.27/turn    (no ring)
MPRegen 0.10/turn

%: no passive effects
@: no status effects
A: sickness immunity, AC +4, negative energy resistance 1, electricity
resistance, torment resistance 1, petrification resistance
a: no special abilities


You were on level 5 of the Dungeon.
You visited 1 branch of the dungeon, and saw 5 of its levels.

You collected 170 gold pieces.

Inventory:

Hand Weapons
 a - a +0 flail (weapon)
Armour
 b - a +0 scale mail (worn)
 c - a +0 buckler (worn)
 u - a +0 pair of gloves
Jewellery
 h - a ring of flight
 t - a ring of positive energy
Scrolls
 f - 2 scrolls of teleportation {unknown}
 g - 5 scrolls of identify {unknown}
 i - a scroll of poison {unknown}
 l - a scroll of silence {unknown}
 n - a scroll of summoning {unknown}
 p - a scroll of revelation {unknown}
 s - a scroll of torment {unknown}
Potions
 d - a potion of might
 e - a potion of attraction {unknown}
 j - 2 potions of degeneration {unknown}
 k - a potion of ambrosia {unknown}
 m - a potion of berserk rage {unknown}
 o - a potion of heal wounds {unknown}
 q - a potion of brilliance {unknown}
 r - a potion of curing {unknown}


   Skills:
 + Level 4.2 Fighting
 + Level 5.3 Maces & Flails
 + Level 5.7 Armour
 + Level 1.1 Dodging
 + Level 0.3 Stealth
 + Level 4.6 Shields


You had 6 spell levels left.
You didn't know any spells.
Your spell library contained the following spells:

 Spells                   Type           Power      Damage    Failure   Level
 Inner Flame              Hex/Fire       0%         N/A       98%         3
 Yara's Violent Unravell  Hex/Tmut       0%         3d3       100%        5
 Enfeeble                 Hex            0%         N/A       100%        7


Dungeon Overview and Level Annotations

Branches:
Dungeon (5/15)
 Temple: D:4-7

Altars:
Ashenzari
Kikubaaqudgha
Makhleb
Uskayaw

Shops:
D:4 *(?

Annotations:
D:4 Grinder


Innate Abilities, Weirdness & Mutations

You are immune to sickness and miasma.
Your stone body is resilient. (AC +4)
You are immune to poison.
You resist negative energy. (rN+)
You are resistant to electric shocks. (rElec)
You are resistant to unholy torment.
You are immune to petrification.


Message History

The gnoll hits you but does no damage. You block the gnoll's attack.
You closely miss the gnoll. The gnoll bouda completely misses you.
The gnoll hits you with a +0 spear.
The gnoll hits you from afar with a +0 halberd!
The gnoll bouda hits you with a +0 whip of draining.
The gnoll closely misses you.
The gnoll bouda attacks as you move away!
The gnoll bouda barely misses you.
The gnoll bouda attacks as you move away!
The gnoll bouda hits you but does no damage.
Your attacks no longer feel as feeble.
The gnoll bouda barks out a call to the hunt!
The gnoll hits you but does no damage. The gnoll barely misses you.
The gnoll bouda barks out a call to the hunt!
The gnoll picks up the pace!
The gnoll barely misses you.
The gnoll is no longer moving quickly.
The gnoll bouda barks out a call to the hunt!
The gnoll picks up the pace!
You block the gnoll's attack.
The gnoll bouda gazes fiercely through you!
You feel your attacks grow feeble.
Okay, then.
The gnoll hits you from afar with a +0 halberd!
* * * LOW HITPOINT WARNING * * *
Your attacks no longer feel as feeble.
The gnoll hits you but does no damage.
The gnoll is no longer moving quickly.
The gnoll is no longer moving quickly.
The gnoll bouda barks out a call to the hunt!
The gnolls pick up the pace!
The gnoll hits you from afar with a +0 halberd.
* * * LOW HITPOINT WARNING * * *
The gnoll hits you but does no damage.
The gnoll hits you from afar with a +0 halberd.
* * * LOW HITPOINT WARNING * * *
The gnoll is no longer moving quickly.
The gnoll hits you from afar with a +0 halberd!
You die...

#####......###.# ##.##
#.g........# #.#
#......##### #g#
#....### #.# ####....#
#.# ........## #.#
####.....## #.#
##......############.#
..........gg.@.<÷......#
..........g#############
.###.....#.# #....###.
#.#.## #. #.## ## #


You could see 3 gnolls.

Vanquished Creatures
  Duvessa (D:4)
  A phantom (D:4)
  Blork the orc (D:4)
  A scorpion (D:5)
  Dowan (D:4)
  A hound (D:5)
  2 gnoll boudas (D:4)
  A sleepcap (D:3)
  An iguana (D:5)
  7 gnolls (D:3)
  2 adders
  A worm (D:5)
  4 dart slugs
  An orc (D:5)
  4 endoplasms
  3 giant cockroaches
  3 hobgoblins
  4 jackals (D:5)
  4 quokkas
  7 ball pythons
  3 bats
  A frilled lizard (D:1)
  6 goblins
  2 kobolds
  6 rats
68 creatures vanquished.

Notes
Turn   | Place    | Note
-------+----------+-------------------------------------------
     0 | D:1      | AdnanSaban the Gargoyle Fighter began the quest for the
                  | Orb.
     0 | D:1      | Reached XP level 1. HP: 14/14 MP: 1/1
   226 | D:1      | Reached XP level 2. HP: 19/19 MP: 2/2
   828 | D:2      | Reached XP level 3. HP: 23/23 MP: 3/3
  1371 | D:3      | Reached XP level 4. HP: 26/28 MP: 4/4
  1654 | D:3      | Found an ancient bone altar of Kikubaaqudgha.
  1958 | D:3      | Found a faded altar of an unknown god.
  2185 | D:4      | Found Viloc's General Store.
  2229 | D:4      | Found a burning altar of Makhleb.
  2230 | D:4      | Noticed Blork the orc
  2237 | D:4      | Killed Blork the orc
  2238 | D:4      | Reached XP level 5. HP: 7/33 MP: 5/5
  2714 | D:4      | Reached skill level 5 in Armour
  2714 | D:4      | Reached XP level 6. HP: 33/38 MP: 6/6
  2960 | D:4      | Identified the +1 kite shield of Salvation {-Tele Dex+3}
  3045 | D:4      | Noticed Duvessa
  3046 | D:4      | Noticed Dowan
  3067 | D:4      | Killed Duvessa
  3068 | D:4      | Reached skill level 1 in Dodging
  3072 | D:4      | Killed Dowan
  3073 | D:4      | Reached XP level 7. HP: 29/43 MP: 7/7
  3127 | D:4      | Found Ceed's Magic Scroll Boutique.
  3154 | D:4      | Found Biusiurch's Antique Weapon Shoppe.
  3221 | D:4      | Found Puvar's Distillery.
  3260 | D:5      | Entered Level 5 of the Dungeon
  3316 | D:5      | Reached skill level 5 in Maces & Flails
  3705 | D:5      | Found a broken altar of Ashenzari.
  3715 | D:5      | Found a hide-covered altar of Uskayaw.
  3725 | D:5      | Noticed Grinder
  3851 | D:5      | Slain by a gnoll

Illustrated notes

Levels and vault maps discovered:
D:1:      nicolae_arrival_memento_mori, layout_basic, grunt_decor_cap
D:2:      layout_basic, chequers_serial_rivers_micro_d
D:3:      layout_loops_ring, nicolae_overflow_hidden_temple,
          hellmonk_ecumenical_altar_pennies_from_heaven, hex_large,
          dk_noncrumbling_2
D:4:      layout_rooms, nicolae_overflow_crystal_walls, serial_shops,
          nicolae_stop_n_shop_1, nicolae_shop_advertising_works
          [nicolae_subvault_shop_adworks], shop, nicolae_stop_n_shop_1,
          uniq_blork_the_orc, uniq_duvessa
D:5:      layout_loops_ring, lemuel_zombie_altar_yredelemnul,
          mainiacjoe_overflow_large_starburst, minmay_increasing_density,
          uniq_grinder, uniq_eustachio, uniq_sigmund

Skill      XL: |  1  2  3  4  5  6  7 |
---------------+----------------------+-----
Armour         | 4 5 |  5.7
Maces & Flails | 3 4 5 |  5.3
Shields        | 4 |  4.6
Fighting       | 4 |  4.2
Dodging        | 1 |  1.1
Stealth        | |  0.3

Action                     |  1- 3 |  4- 6 |  7- 9 || total
---------------------------+-------+-------+-------++-------
  Melee: Flail             |    88 |   113 |    78 ||   279
 Armour: Scale mail        |    44 |    79 |    53 ||   176
  Dodge: Dodged            |    48 |    68 |    53 ||   169
  Block: Buckler           |    22 |    31 |    27 ||    80

Table legend: (Time is in decaauts)
 A = Elapsed time spent in this place.
 B = Non-inter-level travel time spent in this place.
 C = Inter-level travel time spent in this place.
 D = Time resting spent in this place.
 E = Time spent auto-exploring this place.
 F = Levels seen in this place.
 G = Mean time per level.
                   A        B        C        D        E       F      G
               +--------+--------+--------+--------+--------+-----+--------+
         Total |   3926 |   3779 |    147 |    359 |   2587 |   5 |  785.2 |
       Dungeon |   3926 |   3779 |    147 |    359 |   2587 |   5 |  785.2 |
               +--------+--------+--------+--------+--------+-----+--------+

Top non-repeatable levels by time:
     D:3: 1278 daAuts
     D:4: 963 daAuts
     D:1: 717 daAuts
     D:2: 605 daAuts
     D:5: 362 daAuts
